 Dungeon Crawl Stone Soup version 0.27.1-3-gb3d3a73c9e (webtiles) character file.

Game seed: 4222881997570946819

13 MajorAdolf the Sneak (level 2, 0/24 HPs)
             Began as a Naga Wanderer on Oct 14, 2021.
             Slain by a hobgoblin (1 damage)
             ... on level 2 of the Dungeon.
             The game lasted 00:01:30 (1208 turns).

MajorAdolf the Sneak (Naga Wanderer)                Turns: 1208, Time: 00:01:30

Health: 0/24       AC:  1    Str: 15    XL:     2   Next: 37%
Magic:  2/2        EV:  9    Int: 12    God:
Gold:   55         SH:  0    Dex:  9    Spells: 1/1 levels left

rFire    . . .     SeeInvis +   a - +2 dagger
rCold    . . .     Faith    .   (no shield)
rNeg     . . .     Spirit   .   f - +0 robe
rPois    +         Reflect  .   (no helmet)
rElec    .         Harm     .   (no cloak)
rCorr    .         Rampage  .   (no gloves)
Will     .....                  (no barding)
Stlth    ++........             (no amulet)
HPRegen  0.08/turn              (no ring)
MPRegen  0.08/turn              (no ring)

@: very slow
A: AC +0, large, see invisible, deformed body, poison resistance, slowness 2,
spit poison 1, naga tail 1
a: Spit Poison


You were on level 2 of the Dungeon.
You visited 1 branch of the dungeon, and saw 2 of its levels.

You collected 55 gold pieces.

Inventory:

Hand Weapons
 a - a +2 dagger (weapon)
 e - a +0 dagger
Missiles
 d - 10 poisoned darts (quivered)
Armour
 f - a +0 robe (worn)
Magical Staves
 g - a staff of cold
Potions
 b - a potion of berserk rage
 c - a potion of curing


   Skills:
 + Level 0.9 Fighting
 + Level 1.0 Short Blades
 - Level 1.0 Throwing
 - Level 1.5 Dodging
 + Level 3.6 Stealth
 - Level 1.0 Shields
 - Level 1.0 Unarmed Combat
 - Level 3.0 Conjurations


You had one spell level left.
You didn't know any spells.
Your spell library was empty.

Dungeon Overview and Level Annotations

Branches:
Dungeon (2/15)

Altars:

Annotations:
D:2 Robin


Innate Abilities, Weirdness & Mutations

Your serpentine skin is tough. (AC +0)
You have supernaturally acute eyesight. (SInv)
Armour fits poorly on your strangely shaped body.
Your system is resistant to poisons. (rPois)
You cover ground very slowly.
You can spit poison.
You have a snake-like lower body.


Message History

Press: ? - help, Shift-Dir - straight line, f - endoplasm
Aim: an endoplasm The splash of poison hits the endoplasm.
The endoplasm is moderately wounded.
Unknown command.
Robin zaps a wand.
The puff of flame hits you!
A hobgoblin comes into view. It is wielding a +0 dagger.
The hobgoblin shouts!
You hear a shout!
Robin roars a battlecry!
The hobgoblin goes into a battle-frenzy!
You hear a shout! x3
The endoplasm closely misses you.
You climb upwards.
There is a stone staircase leading down here.
Unknown command.
You hit the endoplasm.
The endoplasm is almost dead.
You have got your breath back.
The endoplasm freezes you.
You are frozen.
You hit the endoplasm.
You kill the endoplasm!
Your Short Blades skill increases to level 1!
You start resting.
HP restored.
Unknown command.
There is a stone staircase leading down here.
You climb downwards.
Level annotation: Robin The hobgoblin hits you with a +0 dagger.
Robin roars a battlecry!
The goblins go into a battle-frenzy!
A goblin comes into view. It is wielding a +0 dagger.
The hobgoblin hits you with a +0 dagger!
Robin zaps a wand.
The puff of flame hits you!
* * * LOW HITPOINT WARNING * * *
The goblin shouts!
You hear a shout! x2
There is a stone staircase leading up here.
The hobgoblin hits you with a +0 dagger.
You die...

#. ..... ..
..... ###$
#.....
...##.....
###..#....#
#!.......#
#........#
.#..g.).g.#
..g.g..)@..#
....gg..........
..#####..#....#.
. #..###..# #..#
.# ...# # ....
###.#


You could see Robin, 2 hobgoblins and 3 goblins.

Vanquished Creatures
  3 endoplasms (D:1)
  4 goblins
  A hobgoblin (D:1)
  A kobold (D:1)
  3 rats (D:1)
12 creatures vanquished.

Notes
Turn   | Place    | Note
-------+----------+-------------------------------------------
     0 | D:1      | MajorAdolf the Naga Wanderer began the quest for the Orb.
     0 | D:1      | MajorAdolf set off with the following items: a +2 dagger, a
                  | potion of berserk rage, a potion of curing, 10 poisoned
                  | darts, a +0 dagger, a +0 robe
     0 | D:1      | Reached XP level 1. HP: 15/15 MP: 1/1
    26 | D:1      | Found a faded altar of an unknown god.
   758 | D:1      | Reached XP level 2. HP: 24/24 MP: 2/2
  1053 | D:2      | Noticed Robin
  1063 | D:1      | Reached skill level 1 in Short Blades
  1207 | D:2      | HP: 1/24 [Robin/puff of flame (9)]
  1208 | D:2      | Slain by a hobgoblin

Illustrated notes

Levels and vault maps discovered:
D:1:      scummos_arrival_star, layout_basic, ebering_ecumenical_altar_box,
          serial_park_tiny_2, st_stairs_2, item_on_display_a
D:2:      layout_rooms, minmay_distorted, uniq_natasha, uniq_robin

Skill      XL: |  1  2 |
---------------+-------+-----
Short Blades   | 1 |  1.0
Fighting       | |  0.9
Throwing       | |  1.0
Dodging        | |  1.5
Stealth        | |  3.6
Shields        | |  1.0
Unarmed Combat | |  1.0
Conjurations   | |  3.0

Action                   || total
-------------------------++-------
Melee: Dagger            ||    31
 Abil: Spit Poison       ||    15
Armor: Robe              ||     4
Dodge: Dodged            ||    13
